Cogmind - Beta 17 *** ADVENTURER MODE // 2026.06.28 @ 10:15:09 Player: smokingfox Result: Destroyed by 27-48V(R) with Subdweller Laser Performance ------------- Evolutions (0) 0 Regions Visited (2) 400 Robots Destroyed (33) 165 Value Destroyed (676) 676 Prototype IDs (18) 360 Alien Tech Used (0) 0 Bonus (0) 0 TOTAL SCORE: 1601 Bonus ------- None Cogmind --------- Core Integrity 0/250 Matter 209/300 Energy 250/250 System Corruption 0% Temperature Cool (6) Movement Rolling (155) Ox5 Location -10/Subcaves Parts ------- > --- POWER (1) -------- Ion Engine > --- PROPULSION (2) --- Wheel > --- UTILITY (2) ------ High-capacity Storage Unit Structural Scanner > --- WEAPON (2) ------- Light Cannon Battle Cannon > --- INVENTORY (20) --- Subdweller Power Source Arachnoskeleton Subdweller Monowheel Subdweller Monowheel Weight Redist. System Seismic Detector Makeshift Light Armor Plating Makeshift Light Armor Plating Self-contained Transmogrifier Riot Gun Subdweller Laser Subdweller Beam Cannon Assault Rifle Subdweller Machine Gun Light Cannon Light Cannon Peak State ------------ > --- POWER ------------ Light Nuclear Core > --- PROPULSION ------- Wheel Compact Wheel > --- UTILITY ---------- High-capacity Storage Unit Structural Scanner > --- WEAPON ----------- Battle Rifle Battle Cannon > --- INVENTORY -------- Ion Engine Subdweller Power Source Subdweller Power Source Arachnoskeleton Subdweller Monowheel Weight Redist. System Seismic Detector Makeshift Light Armor Plating Makeshift Light Armor Plating Self-contained Transmogrifier Riot Gun Subdweller Laser Subdweller Beam Cannon Assault Rifle Subdweller Machine Gun Light Cannon Light Cannon Light Cannon [Rating: 17] Favorites ----------- Power Ion Engine Engine Ion Engine Power Core Light Nuclear Core Propulsion Wheel Wheel Wheel Utility Structural Scanner Device Structural Scanner Storage High-capacity Storage Unit Weapon Light Cannon Ballistic Gun Assault Rifle Ballistic Cannon Light Cannon Build | -11 -10 -10 ------- Run | Yrd Mat Sub Slots Evolved . | . . . Power . | . . . Propulsion . | . . . Utility . | . . . Weapon . | . . . Parts Attached 22 | 6 9 7 Power 3 | 1 1 1 Engine 2 | 1 . 1 Core 1 | . 1 . Reactor . | . . . Propulsion 5 | 1 3 1 Treads . | . . . Leg . | . . . Wheel 5 | 1 3 1 Hover . | . . . Flight . | . . . Utility 5 | 2 3 . Device 2 | 1 1 . Storage 3 | 1 2 . Processor . | . . . Hackware . | . . . Protection . | . . . Artifact . | . . . Weapon 9 | 2 2 5 Energy Gun . | . . . Energy Cannon . | . . . Ballistic Gun 4 | 2 1 1 Ballistic Cannon 5 | . 1 4 Launcher . | . . . Special Weapon . | . . . Impact Weapon . | . . . Slashing Weapon . | . . . Piercing Weapon . | . . . Special Melee Weapon . | . . . Unidentified Prototypes . | . . . Parts Lost 8 | . 3 5 Power 2 | . 1 1 Propulsion 4 | . 2 2 Utility . | . . . Weapon 2 | . . 2 Highest Loss Streak 2 | . 2 2 To Critical Strikes . | . . . Average Backups 12 | 3 10 15 Power 1 | 1 1 1 Propulsion 2 | 2 2 1 Utility 2 | . 1 3 Weapon 6 | . 5 7 Tool/Special . | . . . Unused Backups 19 | . 4 15 Power 3 | . 1 2 Propulsion 4 | . 1 3 Utility 3 | . . 3 Weapon 8 | . 2 6 Tool/Special 1 | . . 1 Average Slot Usage (%) 94 | . 89 98 Engine 8 | . 11 5 Core 3 | . . 8 Wheel 23 | . 20 27 Device 14 | . 14 14 Storage 14 | . 14 14 Ballistic Gun 10 | . 15 5 Ballistic Cannon 17 | . 12 22 Peak Build Rating 17 | 6 10 17 Average Rating 10 | 5 7 13 On Entrance 5 | . 6 10 Avg Prop Armor Cover (%) . | . . . Naked Turns . | . . . Heaviest Build 52 | 13 51 52 Greatest Support 30 | 16 26 30 Greatest Overweight (x) 15 | . 15 4 Average Overweight (x) . | . . 1 Largest Inventory Capacity 20 | 8 20 20 Average Capacity 16 | 7 13 20 Most Carried 20 | 6 13 20 Average Carried 12 | 3 10 16 Final Capacity 20 | 8 20 20 Final Carried 18 | 6 10 18 Class Distribution -------------------- 100% | Mutant Dominant Class ---------------- Mutant | -10/Materials Mutant | -10/Subcaves Resources | -11 -10 -10 ----------- Run | Yrd Mat Sub Matter Collected 1076 | 302 400 374 Remotely . | . . . Salvage Created 936 | 163 650 123 Parts 67 | 20 38 9 Haulers Intercepted 2 | . 2 . Recyclers Shooed 5 | 1 4 . Parts Field Recycled . | . . . Retrieved Matter . | . . . Parts Self-Destructed 9 | . . 9 Prevented . | . . . Parts Restored . | . . . Kills | -11 -10 -10 ------- Run | Yrd Mat Sub Combat Hostiles Destroyed 18 | . 13 5 Guns 1 | . . 1 Cannons 17 | . 13 4 Classes Destroyed 9 | 3 5 1 Worker 2 | 2 . . Builder 1 | . 1 . Tunneler 4 | 4 . . Hauler 2 | . 2 . Recycler 3 | 1 2 . Watcher 3 | . 3 . Swarmer 5 | . 5 . Grunt 8 | . 8 . Subdweller 5 | . . 5 Best Kill Streak 4 | 3 4 2 Combat Bots Only 3 | . 3 2 Max Kills in Single Turn 1 | 1 1 1 Gunslinging . | . . . Exploded . | . . . Melee . | . . . Uniques/NPCs Destroyed . | . . . Combat | -11 -10 -10 -------- Run | Yrd Mat Sub Hostile Shots Fired 84 | . 51 33 Missed 22 | . 14 8 Hits 62 | . 37 25 Projectile 62 | . 37 25 Damage Taken 940 | . 423 517 Core 256 | . 81 175 Absorbed by Shields . | . . . Ignored by Resistances 251 | . 126 125 Core Remaining (%) 100 | 100 . . Volleys Fired 120 | 21 51 48 Largest 2 | 2 2 2 Hottest 63 | 40 50 63 Shots Fired 239 | 42 102 95 Gun 105 | 42 51 12 Cannon 134 | . 51 83 Launcher . | . . . Special . | . . . Kinetic 239 | 42 102 95 Thermal . | . . . Explosive . | . . . Electromagnetic . | . . . Robot Hit Streak 36 | 15 24 36 Robot Miss Streak 1 | 1 1 1 Penetration Max . | . . . Secondary Targets . | . . . Shots Hit Robots 164 | 36 86 42 Core Hits 54 | 14 30 10 Critical Kills 1 | . 1 . Critical Parts Destroyed 1 | 1 . . Critical Strikes 9 | 1 4 4 Destroy 2 | 1 1 . Blast 7 | . 3 4 Melee Attacks . | . . . Impact . | . . . Slashing . | . . . Piercing . | . . . Sneak Attacks . | . . . Combat Hostiles . | . . . Follow-up Attacks . | . . . Damage Inflicted 2297 | 291 1258 748 Guns 972 | 291 535 146 Cannons 1325 | . 723 602 Explosions . | . . . Melee . | . . . Ramming . | . . . Kinetic 2297 | 291 1258 748 Thermal . | . . . Explosive . | . . . Electromagnetic . | . . . Impact . | . . . Slashing . | . . . Piercing . | . . . Highest Corruption . | . . . Average Corruption . | . . . Corruption Purged . | . . . Corruption Blocked . | . . . Overload Shots . | . . . Overflow Damage 45 | . 45 . Projectiles 23 | . 23 . Explosions 22 | . 22 . Melee . | . . . Knockbacks 25 | . 15 10 Impact . | . . . Kinetic 22 | . 13 9 Secondary 3 | . 2 1 Self-Inflicted Damage 71 | . 71 . Shots 1 | . 1 . Rammed . | . . . Targets Rammed . | . . . Kicked . | . . . Crushed . | . . . Highest Temperature 14 | . 14 . Average Temperature 5 | . 5 . Received Heat Transfer 360 | . 189 171 Siege Activations . | . . . Martial Activations . | . . . Shielding Activations . | . . . Robots Disrupted . | . . . Combat Hostiles . | . . . Robots Corrupted . | . . . Combat Hostiles . | . . . Parts Fried . | . . . Impact Corruptions . | . . . Robots Melted . | . . . Combat Hostiles . | . . . Parts Melted 1 | . . 1 Heat Transferred . | . . . Parts Sabotaged . | . . . Parts Stolen . | . . . Parts Stripped . | . . . Power Chain Reactions . | . . . Alert | -11 -10 -10 ------- Run | Yrd Mat Sub Maximum Alert Level . | . . . Low Security (%) 100 | 100 100 . Level 1 . | . . . Level 2 . | . . . Level 3 . | . . . Level 4 . | . . . Level 5 . | . . . High Security . | . . . Max Security . | . . . Peak Influence 158 | 10 158 . Initial 2 | . 2 . Average 62 | 1 69 . Influence Increases 555 | 35 520 . Destroy 0b10 Robot/C 260 | . 260 . Destroy 0b10 Robot/NC 75 | 35 40 . Destroy Leader 60 | . 60 . Successful Hack 23 | . 23 . Disable Machine 9 | . 9 . Destroy Structure 23 | . 23 . Lose Combat Pursuer 105 | . 105 . Influence Decreases 555 | 30 502 23 Entered New Map 17 | . 3 14 Time Decay 508 | 30 469 9 Lost Part 30 | . 30 . Squads Dispatched . | . . . Investigation . | . . . Extermination . | . . . Reinforcement . | . . . Assault . | . . . Garrison . | . . . Intercept . | . . . Searches Triggered . | . . . Construction Impeded . | . . . Haulers Reinforced . | . . . Active Scanning Responses . | . . . Cargo Convoy Interrupts . | . . . Stealth | -11 -10 -10 --------- Run | Yrd Mat Sub Distress Signals 1 | . 1 . Communications Jammed . | . . . Distress Signals . | . . . Times Spotted 33 | . 26 7 Peak Tracking Total 6 | . 6 2 Tactical Retreats 3 | . 3 . Traps | -11 -10 -10 ------- Run | Yrd Mat Sub Traps Triggered 2 | . 1 1 Indirectly . | . . . Trap Hack Attempts . | . . . Triggered . | . . . Disarmed . | . . . Reprogrammed . | . . . Reused . | . . . Traps Extracted . | . . . Installed . | . . . Triggered . | . . . Machines | -11 -10 -10 ---------- Run | Yrd Mat Sub Machines Disabled 2 | . 1 1 Max in Single Turn 1 | . 1 1 Machines Repaired . | . . . Machines Dismantled . | . . . Machines Sabotaged . | . . . Overloaded Fab Kills . | . . . Hacking | -11 -10 -10 --------- Run | Yrd Mat Sub Machines Accessed 7 | . 6 1 Terminals 6 | . 6 . Fabricators . | . . . Repair Stations . | . . . Recycling Units . | . . . Scanalyzers . | . . . Garrison Access . | . . . Total Hacks 27 | . 18 9 Successful 21 | . 12 9 Failed 6 | . 6 . Catastrophic 1 | . 1 . Database Lockouts . | . . . Manual . | . . . Terminals 18 | . 18 . Fabricators . | . . . Repair Stations . | . . . Recycling Units . | . . . Scanalyzers . | . . . Garrison Access . | . . . Terminal Hacks 21 | . 12 9 Record 13 | . 5 8 Prototype ID Bank 3 | . 3 . Branch Access Points 1 | . 1 . Locate Traps 3 | . 3 . Proto ID Catalog 1 | . . 1 Fabricator Hacks . | . . . Repair Station Hacks . | . . . Recycling Unit Hacks . | . . . Scanalyzer . | . . . Garrison Access Hacks . | . . . Unauthorized Hacks . | . . . Terminals . | . . . Fabricators . | . . . Repair Stations . | . . . Recycling Units . | . . . Scanalyzers . | . . . Garrison Access . | . . . Data Cores Recovered . | . . . Used . | . . . Hacking Detections 5 | . 5 . Full Trace Events 1 | . 1 . Feedback Events . | . . . Feedback Blocked . | . . . Robot Schematics Acquired . | . . . Robots Built . | . . . Authchips . | . . . Time . | . . . Total Robot Build Rating . | . . . Part Schematics Acquired . | . . . Parts Built . | . . . Authchips . | . . . Time . | . . . Total Part Build Rating . | . . . Part Studies Acquired . | . . . Parts Repaired . | . . . Time . | . . . Parts Recycled . | . . . Recycled Matter . | . . . Retrieved Matter . | . . . Retrieved Components . | . . . Parts Scanalyzed . | . . . Part Schematics Acquired . | . . . Parts Damaged . | . . . Bothacking | -11 -10 -10 ------------ Run | Yrd Mat Sub Used RIF Installer . | . . . Robots Hacked . | . . . Non-combat . | . . . Combat . | . . . Robot Hacks Applied . | . . . Relay Couplers Released . | . . . Fabnet Peak Effective % . | . . . Robots Rewired . | . . . Allies Hacked . | . . . Hacks Repelled . | . . . Allies | -11 -10 -10 -------- Run | Yrd Mat Sub Total Allies . | . . . Largest Group . | . . . Highest-Rated Group . | . . . Highest-Rated Ally . | . . . Total Orders . | . . . Ally Attacks . | . . . Total Damage . | . . . Kills . | . . . Allies Corrupted . | . . . Allies Melted . | . . . Intel | -11 -10 -10 ------- Run | Yrd Mat Sub Active Infowar (turns) 2328 | 93 1184 1051 Structural 2041 | . 990 1051 Seismic 287 | 93 194 . Robot Analysis Total . | . . . Derelict Logs Recovered . | . . . Drone Launches . | . . . Drone Recoveries . | . . . Exploration | -11 -10 -10 ------------- Run | Yrd Mat Sub Turns Passed 2366 | 131 1184 1051 Spaces Moved 1614 | 66 741 807 Core 37 | 14 23 . Treads . | . . . Legs . | . . . Wheels 1577 | 52 718 807 Hover . | . . . Flight . | . . . Fastest Speed 50 | 50 90 105 Average Speed 111 | 89 119 106 Slowest Speed 800 | 100 800 140 Overloaded Moves . | . . . Propulsion Burnouts . | . . . Robots Hopped . | . . . Potential Cave-ins . | . . . Cave-ins Triggered . | . . . Exploration Rate (%) 49 | 3 98 48 Regions Visited 2 Branch Regions 1 Pre-discovered Areas . | . . . Known Exits Taken . | . . . Unknown Exits Taken 2 | 1 1 . Scrap Searched 9 | . . 9 Spaces Dug . | . . . Terrain Destroyed 31 | . 31 . Melee . | . . . Projectile . | . . . AOE 31 | . 31 . Terrain Rammed . | . . . Walls Destroyed . | . . . Machines Disabled . | . . . Actions | -11 -10 -10 --------- Run | Yrd Mat Sub Total 1954 | 104 942 908 Wait 148 | . 119 29 Move 1612 | 65 740 807 Hop . | . . . Pick Up 40 | 12 15 13 Fast Attach 1 | . . 1 Attach 15 | 6 4 5 Detach . | . . . Swap 6 | . 5 1 Drop 12 | . 8 4 Fire 120 | 21 51 48 Melee . | . . . Ram . | . . . Kick . | . . . Crush . | . . . Escape Stasis . | . . . Rewire . | . . . Trap . | . . . Miscellaneous . | . . . Route ------- -11/Scrapyard -10/Materials (discovered 5 exits: [*Mat x3] / *Min / *Sub) -10/Subcaves (discovered 1 exit: [*Mat]) History --------- Turn | Location | Event 22 | -11/Scrapyard | Discovered new exit (range 15) 132 | -11/Scrapyard | Entered Materials 341 | -10/Materials | Discovered new exit (range 8) 347 | -10/Materials | Build established: Mutant 475 | -10/Materials | Discovered new exit (range 13) 545 | -10/Materials | Identified exit to Mines 592 | -10/Materials | Discovered new exit (range 10) 1021 | -10/Materials | Discovered new exit (range 9) 1032 | -10/Materials | Derelicts attacked the area 1316 | -10/Materials | Entered Subcaves 1415 | -10/Subcaves | Visited 4L-MR0's lab 1423 | -10/Subcaves | Found Prototype Device 1452 | -10/Subcaves | Found Arachnoskeleton 1484 | -10/Subcaves | Discovered new exit (range 8) 1493 | -10/Subcaves | Shifting Twisted Machinery released Spk. Treads 1512 | -10/Subcaves | Shifting Twisted Machinery released Spk. Treads 1930 | -10/Subcaves | Core integrity fell below 50% 2352 | -10/Subcaves | Core integrity fell below 20% 2367 | -10/Subcaves | Destroyed by 27-48V(R) with Subdweller Laser Last Messages --------------- Acquired Sub. Monowheel. Dropped Sub. Power Source. Acquired Sub. Monowheel. Acquired 1 matter. K9-HYC(R) knocked back. K9-HYC(R) Sub. Optics blasted off. K9-HYC(R) knocked back. Battle Rifle destroyed. K9-HYC(R) suffers critical hit (Blast). K9-HYC(R) destroyed. Acquired 31 matter. Acquired 5 matter. Acquired 7 matter. Acquired 2 matter. Acquired 14 matter. 27-48V(R) knocked back. B4-7K3(R) Sub. Monowheel blasted off. B4-7K3(R) knocked back. 27-48V(R) knocked back. Sub. Monowheel destroyed. Map ----- +----------------------------------------------------+ | ###?????????????????????????????????????????????? | | ##?????????????????????????????????????????????? | | ##?????????????????????????????????????????????? | | ###?????????????????????????????????????????????? | | ###?????????????????????????????????????????????? | | ##??????????????????????????????????????????????? | | ?????????????????????????????????????????????????? | | #????????????????????????????????????????????????? | | #????????????????????????????????????????????????? | | #????????????????????????????????????????????????? | | #????????????????????????????????????????????????? | | ####?????????????????????????????????????????????? | | #########????????????????????????????????????????? | | #############?????###??????????????????????????? | | #########???? #####???????????????????????? | | ###???? #####??????????????????????? | | ## ##????? ###?????????????????????? | | ##### #####?# ###????????????????????? | | #### #####?## ##????????????????????? | | #?### #### ##?## ##????????????????????? | | ##### ### #### # ##????????? ????????? | | #### ### ##### ## ###????" ???????? | | ### #### #### ## ##?###### ##???????? | | ### ## ## ##?? ### % ##???????? | | ## ## ### ##???????? | | ## % #@ #### ##???????? | | ## ### % %= ## ## #???????? | | ### #### R ##[& ?????? | | ###### #### % %R % |%& ?????? | | ########## # # # !&! ?????? | | ####??##### ##### ### ### ?????? | | ????????### ##### ### ### ?????? | | ?????????### ##### ### ###???????? | | ?????????#### ### ##?? ###???????? | | ????????##### ## ##??## ## ???????? | | ????????### ## ### ##??### # ???????? | | ????????## ### #### ###??## ##???????? | | ????????## ####### ###????? ###???????? | | ????????### ##### ##????? ##????????? | | ???????? ## ##????????????????? | | ?????????### ###???????????????? | | ????????? ## #####?????????????? | | ??????????## #### ####?????????????? | | ??????????## ##### ##?????????????? | | ??????????## ###### ##?????????????? | | ??????????## ###?#### ##?????????????? | | ??????????## ##??##### ###?????????????? | | ??????????### ###????#### ## ###?????????????? | | ??????????#### ###?????### ######??????????????? | | ???????????######???????## ###### ??????????????? | +----------------------------------------------------+ Best States ------------- Heat Dissipation 25 Energy Generation 14 Energy Capacity 250 Matter Stores 300 Matter Capacity 300 Sight Range 16 Terrain Scan Density 10 Resistance: KI 20 Resistance: TH 20 Resistance: EX 20 Resistance: EM 20 Resistance: I 20 Resistance: S 20 Resistance: P 20 Evasion (%) 50 Offensive Hacking 10 Item Schematics ----------------- None Robot Schematics ------------------ None Fabricated ------------ Nothing Repaired ---------- Nothing Studied --------- None Alien Tech Used ----------------- None Achievements -------------- None Challenges ------------ None Game ------ Seed DisruptorSchematicCycler Manual? 0 Play Time 00:18:03 Cumulative 38.0 hours Start 2026.06.27 @ 15:25:08 End 2026.06.28 @ 10:15:09 Sessions 2 Manual Loads 0 Difficulty Adventurer Special Mode None Game No. 51 Rogue 7 Adventurer 44 Explorer 0 Win Type - Total 0 Types 0/0/0/0/0/0/0/0/0/0 Lore% 48 Gallery% 31 Achievement% 27 Wizard Run 0 Options --------- Layout 1 ASCII 0 Keyboard 0 Movement Mouse Keybinds 0 Fullscreen 1 Font 48/Smallcaps Map View 50x35 Zoom Use 0% Tactical HUD 0 Map Filters NONE Filters NONE Steam 1 RUN: 90452700-2ea2-490f-9b34-72bfd7e0c57d